 Dungeon Crawl Stone Soup version 0.30-a0-778-g2ef04afb54 (webtiles) character file.

Game seed: 9425074467724792527

43 IdlyInterested the Cudgeller (level 3, -1/27 HPs)
             Began as a Demonspawn Gladiator on Feb 16, 2023.
             Slain by a gnoll
             ... wielding a +0 halberd
              (12 damage)
             ... on level 2 of the Dungeon.
             The game lasted 00:03:15 (1251 turns).

IdlyInterested the Cudgeller (Demonspawn Gladiator) Turns: 1251, Time: 00:03:16

Health: -1/27      AC: 10    Str: 16    XL:     3   Next: 37%
Magic:  3/3        EV:  7    Int: 15    God:
Gold:   92         SH:  0    Dex: 16    Spells: 2/2 levels left

rFire   . . .      SeeInvis .    a - +1 flail
rCold   . . .      Faith    .    (no shield)
rNeg    . . .      Spirit   .    k - +0 chain mail
rPois   +          Reflect  .    c - +0 helmet
rElec   .          Harm     .    (no cloak)
rCorr   .          Rampage  .    h - +0 pair of gloves
Will    .....                    (no boots) Stlth
                                 (no amulet)
HPRegen 0.24/turn                i - ring of Ysminuz {rPois Int+6 Stlth-}
MPRegen 0.08/turn                (no ring)

@: no status effects
A: thin skeletal structure 1, foul stench 1
a: no special abilities


You were on level 2 of the Dungeon.
You visited 1 branch of the dungeon, and saw 2 of its levels.

You collected 92 gold pieces.

Inventory:

Hand Weapons
 a - a +1 flail (weapon)
Missiles
 d - 3 throwing nets (quivered)
 e - a javelin
Armour
 b - a +0 leather armour
 c - a +0 helmet (worn)
 h - a +0 pair of gloves (worn)
 k - a +0 chain mail (worn)
 l - the +0 pair of gloves "Egosobej" {-Tele rF+ Dex+4}
   (You found it on level 2 of the Dungeon)

   Dex:       It affects your dexterity (+4).
   rF:        It protects you from fire.
   -Tele:     It prevents most forms of teleportation.
Jewellery
 i - the ring of Ysminuz (left hand) {rPois Int+6 Stlth-}
   (You acquired it on level 2 of the Dungeon)

   [ring of poison resistance]

   Int:       It affects your intelligence (+6).
   rPois:     It protects you from poison.
   Stlth:     It makes you less stealthy.
Scrolls
 g - a scroll of poison {unknown}
Potions
 f - a potion of mutation {unknown}
 j - a potion of attraction {unknown}
 m - a potion of cancellation {unknown}


   Skills:
 - Level 2.0 Fighting
 * Level 3.7 Maces & Flails
 - Level 1.7 Throwing
 + Level 0.8 Armour
 - Level 2.6 Dodging
 - Level 1.0 Stealth


You had 2 spell levels left.
You didn't know any spells.
Your spell library was empty.

Dungeon Overview and Level Annotations

Branches:
Dungeon (2/15)

Altars:


Innate Abilities, Weirdness & Mutations

You have a somewhat thin skeletal structure. (Dex +2, Stealth+)
You may rarely emit foul miasma when damaged in melee.


Message History

You drop a scroll of noise.
A bat comes into view.
The bat completely misses you.
Found a spear.
The bat barely misses you.
You completely miss the bat. The bat hits you but does no damage. x2
You hit the bat.
You kill the bat!
You see here a bat corpse.
Found a club.
As you open the door, it creaks loudly!
There is an open door here.
g - a scroll labelled BUPLOVALEI A kobold comes into view.
It is wielding a +0 short sword.
The kobold shouts!
You barely miss the kobold.
The kobold hits you with a +0 short sword.
You barely miss the kobold. The kobold hits you but does no damage.
The kobold closely misses you.
You closely miss the kobold.
The kobold hits you with a +0 short sword.
You miss the kobold. The kobold misses you.
You sock the kobold!
You kill the kobold!
Things that are here:
a +0 short sword; 5 stones; a kobold corpse HP restored.
You open the door. 3 gnolls come into view.
The gnoll shouts! x2
There is an open door here.
A gnoll comes into view. It is wielding a +0 club.
The gnoll shouts!
The gnoll barely misses you.
The gnoll hits you from afar with a +0 spear.
You closely miss the gnoll.
The gnoll hits you but does no damage. x2
You barely miss the gnoll. The gnoll hits you with a +0 halberd!
You emit a cloud of foul miasma!
The gnoll completely misses you.
The gnoll is engulfed in dark miasma.
The gnoll is poisoned.
The gnoll hits you with a +0 halberd!
You die...

#......<##### #.#
#...........# #.#
+........>#.# #.#
#.......#.#.# #.#
#.......#.#.#####.#
.##.......#.........#
#...........#.#.#######
##########'#.#.#.....#..
...gggg@...#.#...)...#.#
.###########.#.#######.#
#...................#.#
#...........#.#####...#
#############.#########
................
#############.#######
#...............#
#.###########.#.#


You could see 4 gnolls.

Vanquished Creatures
  An adder (D:2)
  A dart slug (D:2)
  A ball python (D:1)
  2 bats
  3 endoplasms (D:1)
  A giant cockroach (D:1)
  4 goblins (D:1)
  3 hobgoblins
  2 jackals (D:1)
  A quokka (D:1)
  A frilled lizard (D:1)
  5 kobolds
  5 rats
30 creatures vanquished.

Notes
Turn   | Place    | Note
-------+----------+-------------------------------------------
     0 | D:1      | IdlyInterested the Demonspawn Gladiator began the quest for
                  | the Orb.
     0 | D:1      | Reached XP level 1. HP: 16/16 MP: 1/1
    76 | D:1      | Reached skill level 3 in Maces & Flails
   165 | D:1      | Gained mutation: You may rarely emit foul miasma when
                  | damaged in melee. [demonic ancestry]
   165 | D:1      | Reached XP level 2. HP: 12/22 MP: 2/2
   329 | D:1      | Reached skill level 1 in Stealth
   887 | D:2      | Gained mutation: You have a somewhat thin skeletal
                  | structure. (Dex +2, Stealth+) [demonic ancestry]
   887 | D:2      | Reached XP level 3. HP: 27/27 MP: 3/3
  1012 | D:2      | Identified the +0 pair of gloves "Egosobej" {-Tele rF+
                  | Dex+4}
  1096 | D:2      | Identified a scroll of acquirement
  1096 | D:2      | Acquired the ring of Ysminuz {rPois Int+6 Stlth-}
  1251 | D:2      | Slain by a gnoll

Illustrated notes

Levels and vault maps discovered:
D:1:      amcnicky_arrival_double_pillar, layout_basic
D:2:      layout_basic, serial_corexii_hall, corexii_hall_statues_deadend,
          chequers_hall_statues_corner_a, basic_altar, minivault_25,
          chequers_serial_rivers_micro_a

Skill      XL: |  1  2 |
---------------+-------+-----
Maces & Flails | 3 |  3.7
Stealth        | 1 |  1.0
Fighting       | |  2.0
Throwing       | |  1.7
Armour         | |  0.8
Dodging        | |  2.6

Action                     || total
---------------------------++-------
  Melee: Flail             ||    96
         Punch             ||     1
    Use: Scroll            ||     3
   Stab: Sleeping          ||     2
 Armour: Leather armour    ||    20
         Chain mail        ||    17
  Dodge: Dodged            ||    59

Table legend: (Time is in decaauts)
 A = Elapsed time spent in this place.
 B = Non-inter-level travel time spent in this place.
 C = Inter-level travel time spent in this place.
 D = Time resting spent in this place.
 E = Time spent auto-exploring this place.
 F = Levels seen in this place.
 G = Mean time per level.
                   A        B        C        D        E       F      G
               +--------+--------+--------+--------+--------+-----+--------+
         Total |   1274 |   1040 |    234 |    125 |    566 |   2 |  637.0 |
       Dungeon |   1274 |   1040 |    234 |    125 |    566 |   2 |  637.0 |
               +--------+--------+--------+--------+--------+-----+--------+

Top non-repeatable levels by time:
     D:1: 1000 daAuts
     D:2: 273 daAuts
